 Dungeon Crawl Stone Soup version 0.29-a0-96-g93358da72b (webtiles) character file.

Game seed: 8022751300709245439

586 Gargoyl the Skirmisher (level 7, -3/66 HPs)
             Began as a Gargoyle Abyssal Knight on Feb 12, 2022.
             Was a Believer of Lugonu.
             Slain by an orc warrior (8 damage)
             ... on level 4 of the Dungeon.
             The game lasted 00:07:16 (4581 turns).

Gargoyl the Skirmisher (Gargoyle Abyssal Knight)    Turns: 4581, Time: 00:07:17

Health: -3/66      AC: 23    Str: 19    XL:     7   Next: 37%
Magic:  17/17      EV:  2    Int: 10    God:    Lugonu [**....]
Gold:   151        SH:  0    Dex: 20    Spells: 6/6 levels left

rFire   . . .      SeeInvis +   a - +1 hand axe (vorpal)
rCold   x . .      Faith    .   (no shield)
rNeg    + . .      Spirit   .   (armour currently unavailable)
rPois   ∞          Reflect  .   (helmet currently unavailable)
rElec   .          Harm     .   (cloak currently unavailable)
rCorr   .          Rampage  .   (gloves currently unavailable)
Will    .....      NoTele   +   (boots currently unavailable)
Stlth   +++.......              (no amulet)
HPRegen 0.21/turn               b - +6 ring of dexterity
MPRegen 0.15/turn               e - ring "Qip Kysk" {rC- MP+9 Dex+4 SInv Stlth+}

@: tree-form, invisible
A: stationary, stasis, torment immunity, boosted hp, sickness immunity, AC +4,
negative energy resistance 1, (electricity resistance), torment resistance 1,
petrification resistance, (iridescent scales 1)
a: Renounce Religion, Depart the Abyss, Bend Space


You were on level 4 of the Dungeon.
You worshipped Lugonu.
Lugonu was pleased with you.
You were a tree.
You visited 1 branch of the dungeon, and saw 5 of its levels.
You visited the Abyss 1 time.

You collected 151 gold pieces.

Inventory:

Hand Weapons
 a - a +1 vorpal hand axe (weapon)
 n - a +0 war axe
Missiles
 o - 4 poisoned darts (quivered)
Armour
 c - a +0 kite shield
 m - a +0 pair of gloves (melded)
 q - a +0 chain mail (melded)
 s - a +0 pair of boots (melded)
Jewellery
 b - a +6 ring of dexterity (left branch)
 e - the ring "Qip Kysk" (right branch) {rC- MP+9 Dex+4 SInv Stlth+}
   (You found it on level 2 of the Dungeon)

   [ring of magical power]

   Dex:       It affects your dexterity (+4).
   rC:        It makes you vulnerable to cold.
   MP:        It affects your magic capacity (+9).
   SInv:      It lets you see invisible.
   Stlth:     It makes you more stealthy.
 r - an amulet of regeneration
Scrolls
 h - 3 scrolls of teleportation
Potions
 g - a potion of brilliance
 j - a potion of invisibility
 k - a potion of mutation
 l - a potion of heal wounds {unknown}
 p - 2 potions of haste {unknown}


   Skills:
 + Level 5.0 Fighting
 + Level 4.7 Axes
 + Level 0.7 Throwing
 + Level 4.5 Armour
 + Level 1.9 Dodging
 + Level 1.1 Stealth
 + Level 2.1 Invocations


You had 6 spell levels left.
You didn't know any spells.
Your spell library contained the following spells:

 Spells                   Type           Power      Damage    Failure   Level
 Sting                    Tmut/Pois      0%         1d3       36%         1


Dungeon Overview and Level Annotations

Branches:
Dungeon (5/15)             Temple (0/1) D:4

Altars:
Nemelex Xobeh
Uskayaw

Shops:
D:2 :*[


Innate Abilities, Weirdness & Mutations

You are a tree.
Your roots penetrate the ground, keeping you stationary.
You cannot be teleported.
You are immune to unholy pain and torment.
Your maximum health is greatly increased.
Your equipment is partially melded.
You are immune to sickness and miasma.
((Your stone body is resilient. (AC +4)))
You are immune to poison.
You resist negative energy. (rN+)
((You are resistant to electric shocks. (rElec)))
You are resistant to unholy torment.
You are immune to petrification.
((You are partially covered in iridescent scales. (AC +2)))


Message History

The orc warrior hits you with a +0 battleaxe!
* * * LOW HITPOINT WARNING * * *
The orc warrior looks more healthy.
You feel better.
Really quaff the potion of lignification?
You turn into a tree.
Your +0 pair of gloves melds into your body.
Your +0 pair of boots melds into your body.
Your +0 chain mail melds into your body.
Your roots penetrate the ground.
The orc warrior hits you but does no damage.
Unknown command.
You hit the orc warrior.
The orc warrior is moderately wounded.
The orc warrior hits you with a +0 battleaxe.
You closely miss the orc warrior.
The orc warrior is moderately wounded.
The orc warrior hits you with a +0 battleaxe.
The orc warrior completely misses you.
You hit the orc warrior.
The orc warrior is moderately wounded.
The orc warrior hits you with a +0 battleaxe!
* * * LOW HITPOINT WARNING * * *
It was a potion of flight.
Your roots keep you in place.
The orc warrior barely misses you.
You fade into invisibility!
The orc warrior hits you with a +0 battleaxe!
* * * LOW HITPOINT WARNING * * *
You feel better.
The orc warrior hits you with a +0 battleaxe!
* * * LOW HITPOINT WARNING * * *
You feel better.
The orc warrior hits you with a +0 battleaxe.
* * * LOW HITPOINT WARNING * * *
Unknown command.
Okay, then.
It was a potion of mutation.
You feel extremely strange.
Iridescent scales grow over part of your body.
The orc warrior hits you with a +0 battleaxe!
You die...

#.###..##.#.##.#.)##.#.##.#.###
#.# #...##.#.##.#..##.#.##.#...
#.###..#.##.#.##..#.##.#.##...#
##...##.#.##[#.##..#.##.#.##.##
####.##.#.##.#.##..#.##.#.####
##.####.#.##.#.#.#.##.#.## #.##
###.#.##.#.#.##.#.##
##.###.##.#o##.#.##.#.##
##.#)####.#♣##.##.#.## ##.##
##.#.###.#.## ### ##.#.#.#.##
##.#.#.## ##.#.## ##.## ###


You could see an orc warrior.

Vanquished Creatures
  Sigmund (D:4)
  Blork the orc (D:4)
  A scorpion (D:4)
  A hound (D:4)
  Jessica (D:3)
  Terence (D:2)
  2 iguanas (D:4)
  An orc wizard (D:3)
  A hound skeleton (D:3)
  6 adders
  3 worms
  2 dart slugs
  5 orcs
  6 bats
  8 endoplasms
  5 giant cockroaches
  6 goblins
  8 hobgoblins
  3 quokkas
  8 ball pythons
  4 frilled lizards
  5 kobolds
  8 rats
87 creatures vanquished.

Notes
Turn   | Place    | Note
-------+----------+-------------------------------------------
     0 | Abyss:1  | Gargoyl the Gargoyle Abyssal Knight began the quest for the
                  | Orb.
     0 | Abyss:1  | Reached XP level 1. HP: 14/14 MP: 2/2
     6 | D:1      | Escaped the Abyss
   119 | D:1      | Reached XP level 2. HP: 15/20 MP: 3/3
   120 | D:1      | Reached * piety under Lugonu
   694 | D:1      | Reached XP level 3. HP: 18/24 MP: 4/4
   848 | D:1      | Reached skill level 4 in Fighting
   864 | D:1      | Found a faded altar of an unknown god.
   869 | D:1      | Got Plato's Catalogue of Poisoning
  1038 | D:2      | Found Oriocame's Book Boutique.
  1465 | D:2      | Found Otachu's Antique Armour Emporium.
  1530 | D:2      | Found Moyxt's Assorted Antiques.
  1550 | D:2      | Reached XP level 4. HP: 29/29 MP: 5/5
  1551 | D:2      | Noticed Terence
  1562 | D:2      | Reached ** piety under Lugonu
  1569 | D:2      | Killed Terence
  1997 | D:2      | Identified the ring "Qip Kysk" {rC- MP+9 Dex+4 SInv Stlth+}
  2045 | D:3      | Reached skill level 1 in Dodging
  2047 | D:3      | Reached XP level 5. HP: 29/34 MP: 6/6
  2379 | D:3      | Noticed Jessica
  2385 | D:3      | Killed Jessica
  2923 | D:4      | Noticed Blork the orc
  2935 | D:4      | Killed Blork the orc
  2936 | D:4      | Reached XP level 6. HP: 21/39 MP: 7/7
  3651 | D:4      | Noticed Sigmund
  3662 | D:4      | Killed Sigmund
  3663 | D:4      | Reached skill level 5 in Fighting
  3663 | D:4      | Reached skill level 1 in Stealth
  3663 | D:4      | Reached XP level 7. HP: 41/44 MP: 8/8
  4103 | D:4      | Found a staircase to the Ecumenical Temple.
  4261 | D:4      | Found a sparkling altar of Nemelex Xobeh.
  4328 | D:4      | Found a hide-covered altar of Uskayaw.
  4417 | D:5      | Entered Level 5 of the Dungeon
  4579 | D:4      | HP: 3/66 [orc warrior (9)]
  4581 | D:4      | Gained mutation: You are partially covered in iridescent
                  | scales. (AC +2) [potion of mutation]
  4581 | D:4      | Slain by an orc warrior

Illustrated notes

Levels and vault maps discovered:
D:1:      dpeg_arrival_round_b, layout_rooms,
          shapermc_ecumenical_altar_rom_forum
D:2:      layout_basic, serial_shops, shop, shop, shop, minivault_23,
          serial_bayou_crossing, uniq_terence
D:3:      layout_loops_cross, st_stairs_10, uniq_jessica
D:4:      minmay_inner_zag, layout_loops_cross, mainiacjoe_overflow_two_lobes,
          minmay_temple_entry_enclosed_plants, uniq_sigmund, uniq_blork_the_orc
D:5:      layout_rooms, elyvilon_altar_5

Skill      XL: |  1  2  3  4  5  6 |
---------------+-------------------+-----
Axes           | 2 3 4 |  4.7
Fighting       | 4 5 |  5.0
Armour         | 3 4 |  4.5
Dodging        | 1 |  1.9
Stealth        | 1 |  1.1
Throwing       | |  0.7
Invocations    | |  2.1

Action                   |  1- 3 |  4- 6 |  7- 9 || total
-------------------------+-------+-------+-------++-------
Melee: Hand axe          |    89 |   140 |    27 ||   256
       Punch             |     1 |     3 |       ||     4
Throw: Dart              |       |     6 |     2 ||     8
Invok: Depart the Abyss  |     1 |       |       ||     1
       Bend Space        |       |       |     1 ||     1
  Use: Scroll            |     2 |     5 |     1 ||     8
       Potion            |       |       |     7 ||     7
Armor: Leather armour    |    14 |       |       ||    14
       Ring mail         |    32 |    33 |       ||    65
       Chain mail        |       |    12 |    12 ||    24
       Skin              |       |       |     1 ||     1
Dodge: Dodged            |    54 |    73 |    12 ||   139

Table legend: (Time is in decaauts)
 A = Elapsed time spent in this place.
 B = Non-inter-level travel time spent in this place.
 C = Inter-level travel time spent in this place.
 D = Time resting spent in this place.
 E = Time spent auto-exploring this place.
 F = Levels seen in this place.
 G = Mean time per level.
                   A        B        C        D        E       F      G
               +--------+--------+--------+--------+--------+-----+--------+
         Total |   4628 |   4287 |    341 |      0 |   3450 |   6 |  771.3 |
       Dungeon |   4622 |   4281 |    341 |      0 |   3445 |   5 |  924.4 |
         Abyss |      6 |      6 |      0 |      0 |      5 |   1 |    6.0 |
               +--------+--------+--------+--------+--------+-----+--------+

Top non-repeatable levels by time:
     D:4: 1657 daAuts
     D:2: 1021 daAuts
     D:1: 1021 daAuts
     D:3: 915 daAuts
     D:5: 7 daAuts
 Abyss:1: 6 daAuts
